 Dungeon Crawl Stone Soup version 0.30.1-3-gfc49f6343a (webtiles) character file.

Game seed: 666531489976152466

2 Descartes the Shooter (level 1, 0/12 HPs)
             Began as a Deep Elf Wanderer on July 30, 2023.
             Frozen to death by an endoplasm (5 damage)
             ... on level 2 of the Dungeon.
             The game lasted 00:00:46 (77 turns).

Descartes the Shooter (Deep Elf Wanderer)             Turns: 77, Time: 00:00:47

Health: 0/12       AC:  2    Str:  6    XL:     1   Next: 25%
Magic:  4/5        EV: 13    Int: 16    God:
Gold:   13         SH:  0    Dex: 17    Spells: 2/3 levels left

rFire   . . .        a - +0 shortbow
rCold   . . .        (shield currently unavailable)
rNeg    . . .        d - +0 robe
rPois   .            (helmet currently unavailable)
rElec   .            (no cloak)
rCorr   .            (no gloves)
SInv    .            b - melded +0 pair of boots
Will    .....        (no amulet)
Stlth   ++           (no ring)
HPRegen 0.22/turn    (no ring)
MPRegen 0.09/turn

%: no passive effects
@: appendages
A: horns 2, talons 2
a: End Transformation


You were on level 2 of the Dungeon.
You had temporarily grown beastly horns and talons.
You visited 1 branch of the dungeon, and saw 2 of its levels.

You collected 13 gold pieces.

Inventory:

Hand Weapons
 a - a +0 shortbow (weapon)
Armour
 b - a +0 pair of boots (melded)
 d - a +0 robe (worn)
Scrolls
 c - a scroll of fog
 e - a scroll of torment {unknown}


   Skills:
 - Level 1.0 Fighting
 - Level 4.0 Ranged Weapons
 - Level 1.0 Armour
 + Level 2.5 Dodging
 - Level 1.2 Stealth
 + Level 1.7 Spellcasting
 - Level 1.1 Transmutations


You had 2 spell levels left.
You knew the following spells:

 Your Spells              Type           Power      Damage    Failure   Level
a - Beastly Appendage     Tmut           8%         N/A       14%         1

Your spell library contained the following spells:

 Spells                   Type           Power      Damage    Failure   Level
 Ignite Poison            Fire/Tmut/Pois 2%         N/A       50%         3


Dungeon Overview and Level Annotations

Branches:
Dungeon (2/15)

Altars:


Innate Abilities, Weirdness & Mutations

You have temporarily grown beastly horns and talons.


Message History

The giant cockroach bites you.
You shoot an arrow. The arrow hits the giant cockroach.
You kill the giant cockroach!
No target in view!
HP restored.
A sourceless malevolence fills the Dungeon...
You fall into a shaft and drop 1 floor!
The shaft crumbles and collapses.
Found a stone staircase leading down.
Found a stone staircase leading up.
A frilled lizard comes into view.
You shoot an arrow. The arrow hits the frilled lizard!
You kill the frilled lizard!
No target in view!
Found a gold piece.
There is a stone staircase leading up here.
You climb upwards.
The endoplasm quivers.
Found a club.
There is a stone staircase leading down here.
You shoot an arrow. The arrow hits the endoplasm.
The endoplasm is lightly wounded.
The endoplasm quivers.
The endoplasm barely misses you. The endoplasm freezes you.
You are frozen.
The endoplasm freezes you.
You are frozen.
You climb downwards.
There is a stone staircase leading up here.
You are too injured to fight recklessly!
You are too injured to fight recklessly!
You are too injured to fight recklessly!
Casting: Beastly Appendage (safe; 14% risk of failure)
Confirm with . or Enter, or press ? or * to list all spells.
You grow a pair of large bovine horns.
Your feet morph into talons.
Your +0 pair of boots melds into your body.
The endoplasm freezes you.
You are frozen.
You die...

# ##..### .. .....#
...##...### ..........#
# ........# .# #
........## . #.#
.........### .#...#
...........#######......
........##.....@J.......
#####...###.####<.#....
##.####.#####.......
#...........#$.....
##..........#......
#.........># .....
#..........# ##..#
#..........# .##
#..........# #


You could see an endoplasm.

Vanquished Creatures
  A giant cockroach (D:1)
  A frilled lizard (D:2)
2 creatures vanquished.

Notes
Turn   | Place    | Note
-------+----------+-------------------------------------------
     0 | D:1      | Descartes the Deep Elf Wanderer began the quest for the
                  | Orb.
     0 | D:1      | Descartes set off with the following items: a +0 shortbow,
                  | a +0 pair of boots, a scroll of fog, a +0 robe; and the
                  | following spell memorised: Beastly Appendage; and the
                  | following spells available to memorise: Ignite Poison.
     0 | D:1      | Reached XP level 1. HP: 12/12 MP: 5/5
    47 | D:1      | You fall into a shaft and drop 1 floor!
    77 | D:2      | Frozen to death by an endoplasm

Illustrated notes

Levels and vault maps discovered:
D:1:      minmay_arrival_four_loops, layout_basic, minmay_misc_feat_enclosed,
          grunt_decor_arrowhead
D:2:      layout_rooms, serial_shops, shop, minmay_lizard_king,
          uniq_crazy_yiuf_cottage

Action                     || total
---------------------------++-------
   Fire: Shortbow          ||     9
   Cast: Beastly Appendage ||     1
  Dodge: Dodged            ||     4
